Map: Dasan Station LE

Players

CodeGeass - Winner!

  • Race: Protoss Protoss
  • Spawn Location: 12:00

Fropez

  • Race: Protoss Protoss
  • League: Gold
  • Spawn Location: 6:00

VOD

Have the link to the VOD?

Description

Time

  • Played on: Oct. 7, 2016, 4:45 p.m.
  • Length: 4:31
Show
View Real Time Build Order
Export as new Build Order

CodeGeass Protoss - Winner!

Build Orders:  

Get SALT Encoding   

  12  0:01  Probe (Chrono Boost)  
  13  0:12  Probe (Chrono Boost)  
  14  0:17  Pylon  
  14  0:22  Probe (Chrono Boost)  
  15  0:36  Probe (Chrono Boost)  
  15  0:38  Gateway  
  15  0:42  Assimilator  
  16  0:46  Probe (Chrono Boost)  
  17  0:55  Assimilator  
  18  0:57  Probe (Chrono Boost)  
  18  1:07  Probe (Chrono Boost)  
  19  1:16  Gateway  
  19  1:18  Probe (Chrono Boost)  
  20  1:28  Probe (Chrono Boost)  
  20  1:29  Cybernetics Core  
  21  1:39  Probe (Chrono Boost)  
  22  1:48  Pylon  
  22  1:49  Probe (Chrono Boost)  
  23  2:13  Warp Gate (Chrono Boost)  
  23  2:19  Robotics Facility  
  23  2:26  Gateway  
  23  2:29  Pylon  
  23  2:31  Gateway  
  23  2:36  Pylon  
  23  2:43  Stalker  
  25  2:51  Stalker  
  27  3:06  Warp Prism  
  29  3:15  Stalker  
  31  4:02  Pylon  
  31  4:19  Stalker x3  
  31  4:20  Stalker  
Show
View Real Time Build Order
Export as new Build Order

Fropez Protoss 

Build Orders: 1 Gate Expand 

Get SALT Encoding   

  12  0:01  Probe (Chrono Boost)  
  13  0:17  Probe (Chrono Boost)  
  14  0:23  Pylon  
  14  0:28  Probe (Chrono Boost)  
  15  0:41  Probe (Chrono Boost)  
  16  0:42  Gateway  
  16  0:52  Probe (Chrono Boost)  
  17  0:58  Pylon  
  17  1:08  Probe (Chrono Boost)  
  18  1:19  Probe (Chrono Boost)  
  19  1:27  Nexus  
  19  1:35  Cybernetics Core  
  19  1:37  Probe (Chrono Boost)  
  20  1:51  Probe (Chrono Boost)  
  21  1:54  Assimilator  
  21  1:58  Assimilator  
  21  2:14  Probe (Chrono Boost)  
  21  2:24  Gateway  
  21  2:25  Gateway  
  21  2:26  Probe (Chrono Boost), Gateway  
  22  2:32  Adept  
  24  2:39  Probe (Chrono Boost)  
  24  2:40  Probe (Chrono Boost)  
  27  2:55  Mothership Core (Chrono Boost)  
  28  3:01  Adept  
  28  3:04  Probe (Chrono Boost)  
  31  3:11  Pylon  
  31  3:14  Probe (Chrono Boost)  
  32  3:23  Probe (Chrono Boost)  
  33  3:36  Pylon  
  33  3:37  Pylon  
  33  3:44  Stalker  
  35  3:49  Stalker x2  
  35  3:50  Stalker  
  35  3:54  Assimilator  
  41  3:56  Probe (Chrono Boost)  
  41  3:57  Probe (Chrono Boost)  
  43  4:07  Probe (Chrono Boost)  
  43  4:09  Probe (Chrono Boost)  
  45  4:10  Robotics Facility  
  45  4:17  Probe (Chrono Boost)  
Tags
 
League
Gold
Matchup
PvP
Replay Pack
All Mines
Spawn Locations
Cross Positions
Add a new tag
Caveats
  • Supply blocks, unpowered buildings, or Contaminate may cause inaccurate times.
  • Supply counts are checked every 10 seconds.